 Dungeon Crawl Stone Soup version 0.27.0-1-g7a089689b8 (webtiles) character file.

Game seed: 15359291224632885361

122 orehx the Conjurer (level 5, 0/33 HPs)
             Began as an Octopode Conjurer on Aug 2, 2021.
             Was an Initiate of Vehumet.
             Succumbed to an adder's poison
             ... on level 4 of the Dungeon.
             The game lasted 00:04:24 (3822 turns).

orehx the Conjurer (Octopode Conjurer)              Turns: 3822, Time: 00:04:25

Health: 0/33       AC:  1    Str:  3 (6)  XL:     5   Next: 6%
Magic:  2/8        EV: 12    Int: 19 (22) God:    Vehumet [......]
Gold:   175        SH:  0    Dex:  7 (10) Spells: 5/8 levels left

rFire    . . .     SeeInvis .   (no weapon)
rCold    . . .     Faith    .   (no shield)
rNeg     . . .     Spirit   .   (helmet restricted)
rPois    .         Reflect  .   (no amulet)
rElec    .         Harm     .   (no ring)
rCorr    .         Rampage  .   (no ring)
Will     .....                  (no ring)
Stlth    +++.......             (no ring)
HPRegen  0.11/turn              (no ring)
MPRegen  0.11/turn              (no ring)
                                (no ring)
                                (no ring)

@: lethally poisoned (0 -> -6), about to teleport, very slightly contaminated,
invisible
A: almost no armour, amphibious, 8 rings, camouflage 1, gelatinous body 1,
(nimble swimmer 1), tentacles
a: Renounce Religion


You were on level 4 of the Dungeon.
You worshipped Vehumet.
Vehumet was noncommittal.
You visited 1 branch of the dungeon, and saw 4 of its levels.

You collected 175 gold pieces.

Inventory:

Armour
 p - a +0 buckler
Magical Staves
 d - a staff of fire
Jewellery
 e - a ring of protection from fire
Wands
 r - a wand of iceblast (8)
Scrolls
 a - 2 scrolls of amnesia
 b - a scroll of immolation {unknown}
 c - a scroll of holy word {unknown}
 f - 2 scrolls of vulnerability {unknown}
 h - 2 scrolls of fog {unknown}
 i - 3 scrolls of identify
 j - 2 scrolls of teleportation
 m - 2 scrolls of magic mapping {unknown}
 q - 2 scrolls of silence {unknown}
Potions
 g - a potion of invisibility
 l - a potion of brilliance {unknown}
 n - a potion of flight {unknown}
 o - a potion of cancellation {unknown}


   Skills:
 + Level 1.3 Fighting
 - Level 2.0 Dodging
 - Level 2.6 Stealth
 - Level 2.0 Spellcasting
 - Level 6.0 Conjurations


You had 5 spell levels left.
You knew the following spells:

 Your Spells              Type           Power      Damage    Failure   Level
a - Magic Dart            Conj           96%        1d7       1%          1
b - Searing Ray           Conj           48%        3d5       2%          2

Your spell library contained the following spells:

 Spells                   Type           Power      Damage    Failure   Level
 Dazzling Flash           Conj/Hex       26%        N/A       14%         3
 Fulminant Prism          Conj/Hex       6%         3d7       43%         4
 Iskenderun's Mystic Bla  Conj/Tloc      13%        2d5       43%         4
 Conjure Ball Lightning   Conj/Air       6%         3x3d6     100%        6
 Discord                  Hex            0%         N/A       100%        8
 Disjunction              Tloc           0%         N/A       100%        8


Dungeon Overview and Level Annotations

Branches:
Dungeon (4/15)
 Temple: D:4-7

Altars:
Ashenzari
Qazlal
Sif Muna
Vehumet

Annotations:
D:4 2 transporters, Grinder; Natasha; Rayvis's ghost, novice GnFi


Innate Abilities, Weirdness & Mutations

You cannot wear most types of armour.
You are amphibious.
You can wear up to eight rings at the same time.
Your skin changes colour to match your surroundings (Stealth+).
Your rubbery body absorbs attacks. (AC +1, EV +1)
((You are camouflaged near water. (Stealth+)))
You have tentacles for arms and can constrict up to eight enemies at once.


Message History

The adder is severely wounded.
You feel sick. The adder bites you. x2
The searing ray misses the adder.
You finish channeling your searing ray.
You feel sick. The adder bites you.
You feel sick. The adder bites you.
You are more poisoned.
The adder poisons you!
Casting: Searing Ray (safe; 1% risk of failure)
Confirm with . or Enter, or press ? or * to list all spells.
You don't have enough magic to cast this spell.
Unknown command.
Okay, then.
It was a potion of invisibility.
You fade into invisibility!
You feel sick. The adder bites you.
* * * LOW HITPOINT WARNING * * *
The adder closely misses you.
You are very lightly contaminated with residual magic.
Okay, then.
As you read the scroll labelled MEKKUB TOKEU, it crumbles to dust.
It is a scroll of amnesia.
Really abort (and waste the scroll)?
Okay, then.
You feel sick. The adder closely misses you.
As you read the scroll labelled ZAYRALO XEGERR, it crumbles to dust.
It is a scroll of identify.
j - 3 scrolls of teleportation
* * * LOW HITPOINT WARNING * * *
You feel sick. The adder bites you.
* * * LOW HITPOINT WARNING * * *
You are more poisoned.
The adder poisons you!
As you read the scroll of teleportation, it crumbles to dust.
You feel strangely unstable.
* * * LOW HITPOINT WARNING * * *
You feel sick. The adder barely misses you. The adder closely misses you.
It was a potion of degeneration.
There was something very wrong with that liquid.
You feel weakened.
You feel dopey.
You feel clumsy.
You die...

....... .. .. ....... ..
#.#........ ..
#.#.####.#? #. #.#.#
#.... #. #.#.###..#.
##+###. #...≈P.....
#.....S#######..≈≈≈...##
#......@........≈≈≈...##
...........###..≈≈≈≈....
...........#....≈.≈≈..##
...........###...≈P...##
...........# #.#.#......
...###.....# ###.#......
##. .......+ ...#......
# ..#.....# ##......##
..#.....# ###......


You could see an adder.

Vanquished Creatures
  A scorpion zombie (D:4)
  4 adders
  An ufetubus (D:4)
  A worm (D:3)
  A dart slug (D:2)
  3 bats
  5 endoplasms
  3 giant cockroaches
  4 goblins
  4 hobgoblins
  4 jackals (D:1)
  6 kobolds (D:1)
  5 ball pythons
  2 frilled lizards (D:1)
  8 rats
52 creatures vanquished.

Vanquished Creatures (others)
  3 plants (D:2)
3 creatures vanquished.

Grand Total: 55 creatures vanquished

Notes
Turn   | Place    | Note
-------+----------+-------------------------------------------
     0 | D:1      | orehx the Octopode Conjurer began the quest for the Orb.
     0 | D:1      | Reached XP level 1. HP: 11/11 MP: 3/3
   254 | D:1      | Reached XP level 2. HP: 17/17 MP: 0/5
   260 | D:1      | Learned a level 2 spell: Searing Ray
   775 | D:1      | Reached XP level 3. HP: 21/21 MP: 3/6
   998 | D:1      | Reached skill level 5 in Conjurations
  1570 | D:2      | Found a broken altar of Ashenzari.
  1678 | D:2      | You fall into a shaft and drop 1 floor!
  1870 | D:2      | Reached XP level 4. HP: 27/27 MP: 4/7
  2229 | D:2      | Found a faded altar of an unknown god.
  2333 | D:3      | Found a broken altar of Ashenzari.
  2342 | D:3      | Found a stormy altar of Qazlal.
  2634 | D:3      | Found a shimmering blue altar of Sif Muna.
  2833 | D:3      | Found a radiant altar of Vehumet.
  2966 | D:3      | Became a worshipper of Vehumet
  3482 | D:4      | Noticed Natasha
  3499 | D:4      | Found a transporter.
  3554 | D:4      | Found a transporter.
  3558 | D:4      | Noticed Rayvis's ghost (novice GnFi)
  3608 | D:4      | Reached skill level 6 in Conjurations
  3608 | D:4      | Reached skill level 1 in Fighting
  3608 | D:4      | Reached XP level 5. HP: 30/33 MP: 2/8
  3776 | D:4      | Noticed Grinder
  3821 | D:4      | HP: 1/33 [poisoned by an adder]
  3822 | D:4      | Succumbed to an adder's poison

Illustrated notes

Levels and vault maps discovered:
D:1:      minmay_arrival_four_circles, layout_basic, minmay_hexomino_f4
D:2:      layout_loops_ring, basic_altar, shapermc_ecumenical_altar_mp_vishouse,
          chequers_big_river, hex_large
D:3:      layout_loops_ring, lemuel_tele_altar, nicolae_ashenzari_panopticon,
          nicolae_overflow_crystal_walls, mainiacjoe_overflow_alcove_4,
          serial_bayou, serial_bayou_crossing, serial_bayou_shore_b,
          serial_bayou_lagoon_a, serial_bayou_pond_b, nrook_mini_backslash
D:4:      layout_basic, serial_undead, serial_undead_a, serial_undead_c,
          serial_undead_f, serial_undead_b, gammafunk_ghost_stat_death,
          serial_park_tiny_2, minmay_crystal_room, uniq_grinder, uniq_eustachio,
          uniq_natasha

Skill      XL: |  1  2  3  4 |
---------------+-------------+-----
Conjurations   | 5 6 |  6.0
Fighting       | 1 |  1.3
Dodging        | |  2.0
Stealth        | |  2.6
Spellcasting   | |  2.0

Action                   |  1- 3 |  4- 6 || total
-------------------------+-------+-------++-------
Melee: Unarmed           |    10 |       ||    10
       Constrict         |     4 |       ||     4
       Tentacles         |     2 |       ||     2
 Cast: Magic Dart        |    62 |    27 ||    89
       Searing Ray       |     3 |     3 ||     6
  Use: Scroll            |       |     3 ||     3
       Potion            |       |     2 ||     2
Armor: Skin              |     1 |       ||     1
Dodge: Dodged            |    10 |     4 ||    14
